 Dungeon Crawl Stone Soup version 0.29.0-7-g18a832c13a (webtiles) character file.

Game seed: 16890349019842778758

98 hilljack the Chiller (level 4, -2/24 HPs)
             Began as a Gargoyle Ice Elementalist on Sept 1, 2022.
             Killed from afar by a white imp (14 damage)
             ... with a puff of frost
             ... summoned by Natasha
             ... on level 2 of the Dungeon.
             The game lasted 00:02:25 (1798 turns).

hilljack the Chiller (Gargoyle Ice Elementalist)    Turns: 1798, Time: 00:02:26

Health: -2/24      AC:  5    Str: 12    XL:     4   Next: 69%
Magic:  6/7        EV: 12    Int: 23    God:
Gold:   59         SH:  0    Dex: 10    Spells: 6/7 levels left

rFire   . . .      SeeInvis .   l - +2 dagger (flame)
rCold   . . .      Faith    .   (no shield)
rNeg    + . .      Spirit   .   a - +0 robe
rPois   ∞          Reflect  .   (no helmet)
rElec   +          Harm     .   (no cloak)
rCorr   .          Rampage  .   (no gloves)
Will    .....                   (no boots)
Stlth   ++........              (no amulet)
HPRegen 0.08/turn               i - +6 ring of intelligence
MPRegen 0.10/turn               (no ring)

@: no status effects
A: sickness immunity, AC +3, negative energy resistance 1, electricity
resistance, torment resistance 1, petrification resistance
a: no special abilities


You were on level 2 of the Dungeon.
You visited 1 branch of the dungeon, and saw 2 of its levels.

You collected 59 gold pieces.

Inventory:

Hand Weapons
 d - a +0 mace
 l - a +2 dagger of flaming (weapon)
Armour
 a - a +0 robe (worn)
Jewellery
 i - a +6 ring of intelligence (left hand)
Scrolls
 c - a scroll of immolation {unknown}
 e - a scroll of teleportation {unknown}
 f - a scroll of enchant weapon {unknown}
 g - a scroll of blinking {unknown}
 h - a scroll of summoning {unknown}
Potions
 b - a potion of magic
 j - a potion of haste {unknown}
 k - a potion of degeneration {unknown}
 m - a potion of lignification {unknown}


   Skills:
 + Level 2.6 Dodging
 - Level 2.8 Stealth
 - Level 2.4 Spellcasting
 + Level 4.8 Ice Magic


You had 6 spell levels left.
You knew the following spells:

 Your Spells              Type           Power      Damage    Failure   Level
a - Freeze                Ice            96%        1d11      1%          1

Your spell library contained the following spells:

 Spells                   Type           Power      Damage    Failure   Level
 Frozen Ramparts          Ice            48%        1d8       4%          3
 Ozocubu's Armour         Ice            24%        N/A       4%          3
 Ensorcelled Hibernation  Hex/Ice        26%        N/A       7%          2
 Spider Form              Tmut/Pois      2%         N/A       36%         3
 Hailstorm                Conj/Ice       13%        3d5       41%         4
 Anguish                  Hex/Necr       1%         N/A       77%         4


Dungeon Overview and Level Annotations

Branches:
Dungeon (2/15)

Altars:
Xom

Annotations:
D:2 Natasha


Innate Abilities, Weirdness & Mutations

You are immune to sickness and miasma.
Your stone body is resilient. (AC +3)
You are immune to poison.
You resist negative energy. (rN+)
You are resistant to electric shocks. (rElec)
You are resistant to unholy torment.
You are immune to petrification.


Message History

An adder comes into view.
The adder hisses angrily.
The adder moves out of view.
An adder is nearby!
Found a blackened agate ring.
The adder bites you.
Casting: Freeze (safe; 1% risk of failure)
Confirm with . or Enter, or press ? or * to list all spells.
Aiming: Freeze (safe; 1% risk of failure)
Press: ? - help, Shift-Dir - straight line, f - adder
Aim: an adder You freeze the adder!
The adder is almost dead.
The adder seems to slow down.
The adder bites you.
Casting: Freeze (safe; 1% risk of failure)
Confirm with . or Enter, or press ? or * to list all spells.
Aiming: Freeze (safe; 1% risk of failure)
Press: ? - help, Shift-Dir - straight line, f/p - adder
Aim: an adder (almost dead, slow)
You freeze the adder.
You kill the adder!
A ball python skeleton comes into view.
A ball python skeleton is nearby!
Natasha, Servant of Life and Death comes into view.
Natasha hisses angrily.
Natasha howls an incantation.
You feel troubled.
There is a stone staircase leading down here.
You catch the helpless ball python skeleton completely off-guard!
You puncture the ball python skeleton! You burn the ball python skeleton.
You destroy the ball python skeleton!
Natasha claws you but does no damage.
You barely miss Natasha. Natasha claws you.
You hit Natasha but do no damage. Natasha claws you.
You barely miss Natasha.
Natasha mumbles some strange words.
You hit Natasha but do no damage. Natasha claws you.
The white imp gestures at you. The puff of frost hits you!
Ouch! That really hurt!
You die...

....................÷........
.#......................##..#
.........†.........##........
.....###.###.###.#.##..###...#
.........##..........(.###...#
)..................)<.........
.##..##..#....##.#.###.###.#.#
......).........5h.....#
.##......#...>##@#.###.#
..#................###.#
.........#.............#
.........#.........#####
.....##..#.....#####
.##...#..#....##
.###..#..#....#
.........÷....##
.###.....#.....#


You could see Natasha and a white imp (summoned).

Vanquished Creatures
  Natasha (twice) (D:2)
  An adder (D:2)
  An adder zombie (D:2)
  An adder skeleton (D:2)
  An orc (D:2)
  5 ball pythons
  A bat skeleton (D:2)
  4 endoplasms
  A giant cockroach (D:1)
  5 goblins
  A hobgoblin (D:1)
  2 quokkas
  A ball python skeleton (D:2)
  2 bats
  A kobold (D:2)
  3 rats (D:1)
32 creatures vanquished.

Vanquished Creatures (others)
  4 withered plants (D:2)
4 creatures vanquished.

Grand Total: 36 creatures vanquished

Notes
Turn   | Place    | Note
-------+----------+-------------------------------------------
     0 | D:1      | hilljack the Gargoyle Ice Elementalist began the quest for
                  | the Orb.
     0 | D:1      | Reached XP level 1. HP: 10/10 MP: 3/3
   218 | D:1      | Reached XP level 2. HP: 14/15 MP: 0/5
  1343 | D:2      | Reached XP level 3. HP: 15/19 MP: 6/6
  1481 | D:2      | Noticed Natasha
  1488 | D:2      | Killed Natasha
  1491 | D:2      | Reached XP level 4. HP: 11/24 MP: 0/7
  1580 | D:2      | Noticed Natasha
  1589 | D:2      | Killed Natasha
  1700 | D:2      | Found a shimmering altar of Xom.
  1790 | D:2      | Noticed Natasha
  1798 | D:2      | Killed from afar by a white imp

Illustrated notes

Levels and vault maps discovered:
D:1:      nzn_arrival_settlement, layout_loops_ring, minivault_26,
          nrook_loot_triangle
D:2:      layout_basic, hellmonk_ecumenical_altar_heavens_door, serial_undead,
          serial_undead_b, serial_undead_b, serial_undead_e, serial_undead_c,
          serial_undead_d, serial_undead_e, serial_undead_f, serial_undead_e,
          basic_altar, uniq_terence, uniq_natasha

Skill      XL: |  1  2  3 |
---------------+----------+-----
Dodging        | 2 |  2.6
Stealth        | |  2.8
Spellcasting   | |  2.4
Ice Magic      | |  4.8

Action                   |  1- 3 |  4- 6 || total
-------------------------+-------+-------++-------
Melee: Mace              |    46 |       ||    46
       Dagger            |       |    11 ||    11
 Cast: Freeze            |    26 |    11 ||    37
 Stab: Sleeping          |     2 |       ||     2
       Distracted        |       |     1 ||     1
Armor: Robe              |    22 |     3 ||    25
Dodge: Dodged            |    45 |    17 ||    62
